 Dungeon Sprint DCSS version 0.26-a0-690-gcb57259078 (webtiles) character file.

Game seed: 17296363634864877436

424 jfcaron the Grappler (level 6, -12/74 HPs)
             Began as a Troll Berserker on Oct 24, 2020.
             Was a Believer of Trog.
             Shot with an arrow by a centaur warrior (14 damage)
             ... in the Dungeon (Sprint I: "Red Sonja").
             The game lasted 00:01:47 (474 turns).

jfcaron the Grappler (Troll Berserker)               Turns: 474, Time: 00:01:47

Health: -12/74     AC:  7    Str: 28    XL:     6   Next: 64%
Magic:  5/5        EV:  7    Int:  3    God:    Trog [**....]
Gold:   73         SH:  7    Dex:  9    Spells: 5/5 levels left

rFire    . . .     SeeInvis .     - Unarmed
rCold    . . .     Faith    .   k - +0 kite shield
rNeg     . . .     Spirit   .   l - +1 robe of the Loofah {+Blink}
rPois    .         Reflect  .   (helmet restricted)
rElec    .         Harm     .   (no cloak)
rCorr    .         Rampage  .   (gloves unavailable)
MR       .....     NoTele   +   (boots unavailable)
Stlth    +.........             (no amulet)
HPRegen  0.62/turn              (no ring)
MPRegen  0.09/turn              (no ring)

@: no status effects
A: large, unfitting armour, claws 3, regeneration 1, shaggy fur 1, tough skin 3
a: Berserk, Trog's Hand, Renounce Religion, Evoke Blink


You were in the Dungeon.
You worshipped Trog.
Trog was pleased with you.
You visited 1 branch You collected 297 gold pieces.
You spent 224 gold pieces at shops.

Inventory:

Armour
 a - a +0 animal skin
 k - a +0 kite shield (worn)
 l - the +1 robe of the Loofah (worn) {+Blink}
   (You bought it in a shop in the Dungeon)

   It lets you blink.
Wands
 h - a wand of random effects (24)
Scrolls
 g - a scroll of blinking
 j - a scroll of holy word {unknown}
 m - a scroll of identify {unknown}
Potions
 b - a potion of curing
 c - a potion of heal wounds
 d - a potion of haste
 e - 2 potions of magic
 f - a potion of berserk rage
 i - a potion of invisibility {unknown}


   Skills:
 + Level 8.9 Fighting
 - Level 2.4 Dodging
 + Level 0.0 Shields
 + Level 10.5 Unarmed Combat
 + Level 0.0 Evocations


You had 5 spell levels left.
You didn't know any spells.
Your spell library contained the following spells:

 Spells                   Type           Power        Failure   Level
 Corona                   Hex            #......      99%         1
 Ensorcelled Hibernation  Hex/Ice        #.....       100%        2
 Confusing Touch          Hex            #.......     100%        3
 Dazzling Flash           Conj/Hex       #.....       100%        3
 Tukima's Dance           Hex            #.......     100%        3


Dungeon Overview and Level Annotations

Branches:
Dungeon (1/1)

Altars:
Cheibriados
Dithmenos
Elyvilon
Fedhas
Gozag
Hepliaklqana
Kikubaaqudgha
Nemelex Xobeh
Okawaru
Qazlal
Ru
Sif Muna
Trog
Uskayaw
Vehumet
Wu Jian
Yredelemnul
Zin
The Shining One

Shops:
D [


Innate Abilities, Weirdness & Mutations

You are too large for most types of armour.
You have claws for hands.
Your natural rate of healing is unusually fast.
You are covered in fur. (AC +1)
You have extremely tough skin. (AC +3)


Message History

Moving in this stuff is going to be slow.
The centaur warrior wields a +0 shortbow.
The centaur warrior shoots an arrow.
The arrow hits you!
You hear a splash.
The centaur warrior wields a +0 shortbow.
The centaur warrior shoots an arrow.
The arrow barely misses you.
You hear a splash.
The centaur warrior shoots an arrow.
The arrow hits you!
You hear a splash.
The centaur warrior shoots an arrow.
The arrow hits you!
You hear a splash.
You see here 3 arrows.
The centaur warrior shoots an arrow.
The arrow hits you!
The centaur warrior shoots an arrow.
The arrow hits you!!
* * * LOW HITPOINT WARNING * * *
The centaur warrior shoots an arrow.
The arrow barely misses you.
There is an open door, spattered with blood here.
Unknown command.
The centaur warrior shoots an arrow.
The arrow hits you!
You die...

################
#<.#..)..#.)'..#
#..)..#..'..#..+
#..#####'#####'# ###
#..####..#...#.####§§#
#..#__####..##@#≈≈§§c#
#..#_____##'#§§'§c§§§+
#⌠⌠#_.∩...†..._#§c§.§#
####_..__##_.#'##+####
#_____###+#.# #######
###


You could see 2 centaur warriors.

Vanquished Creatures
  A yak (D)
  Sigmund (D)
  An ogre (D)
  A jelly (D)
  Ijyb (D)
5 creatures vanquished.

Notes
Turn   | Place    | Note
-------+----------+-------------------------------------------
     0 | D        | jfcaron the Troll Berserker began the quest for the Orb.
     0 | D        | Reached XP level 1. HP: 22/22 MP: 0/0
     1 | D        | Noticed Ijyb
    12 | D        | Killed Ijyb
    12 | D        | Reached skill level 5 in Unarmed Combat
    12 | D        | Reached XP level 2. HP: 32/32 MP: 1/1
    63 | D        | Noticed an ogre
    70 | D        | Killed an ogre
    70 | D        | Reached skill level 7 in Unarmed Combat
    70 | D        | Reached XP level 3. HP: 21/44 MP: 2/2
    70 | D        | Reached XP level 4. HP: 25/52 MP: 3/3
   224 | D        | Noticed Sigmund
   231 | D        | Killed Sigmund
   231 | D        | Reached ** piety under Trog
   231 | D        | Reached skill level 9 in Unarmed Combat
   231 | D        | Reached XP level 5. HP: 63/63 MP: 4/4
   296 | D        | Found an ornate altar of the Wu Jian Council.
   296 | D        | Found a shimmering blue altar of Sif Muna.
   298 | D        | Found a radiant altar of Vehumet.
   300 | D        | Reached XP level 6. HP: 72/72 MP: 5/5
   323 | D        | Found Tubiuxt's Antique Armour Emporium.
   323 | D        | Found an ancient bone altar of Kikubaaqudgha.
   323 | D        | Found a hazy altar of Hepliaklqana.
   323 | D        | Found a stormy altar of Qazlal.
   323 | D        | Found a hide-covered altar of Uskayaw.
   323 | D        | Found a blossoming altar of Fedhas.
   323 | D        | Found a bloodstained altar of Trog.
   323 | D        | Found an iron altar of Okawaru.
   323 | D        | Found a basalt altar of Yredelemnul.
   323 | D        | Found a glowing golden altar of the Shining One.
   323 | D        | Found a snail-covered altar of Cheibriados.
   323 | D        | Found a sacrificial altar of Ru.
   323 | D        | Found a glowing silver altar of Zin.
   323 | D        | Found a shadowy altar of Dithmenos.
   323 | D        | Found a white marble altar of Elyvilon.
   323 | D        | Noticed a yak
   327 | D        | Killed a yak
   327 | D        | Reached skill level 10 in Unarmed Combat
   328 | D        | Found an opulent altar of Gozag.
   329 | D        | Found a sparkling altar of Nemelex Xobeh.
   333 | D        | Bought a kite shield for 99 gold pieces
   333 | D        | Bought a twisted robe for 125 gold pieces
   343 | D        | Identified the +1 robe of the Loofah {+Blink} (You bought
                  | it in a shop in the Dungeon)
   364 | D        | Noticed a centaur warrior
   365 | D        | Noticed a centaur warrior
   473 | D        | HP: 2/74 [centaur warrior/arrow (23)]
   474 | D        | Shot with an arrow by a centaur warrior

Illustrated notes

Levels and vault maps discovered:
D:        dungeon_sprint_1 [red_sonja_temple_1, red_sonja_temple_small_1]

Skill      XL: |  1  2  3  4  5  6 |
---------------+-------------------+-----
Fighting       | 4 6 7 8 |  8.9
Unarmed Combat | 5 7 9 10 | 10.5
Dodging        | |  2.4

Action                   |  1- 3 |  4- 6 || total
-------------------------+-------+-------++-------
Melee: Unarmed           |    16 |    10 ||    26
Invok: Berserk           |     2 |     1 ||     3
Armor: Animal skin       |     2 |     1 ||     3
Dodge: Dodged            |     3 |     6 ||     9

Table legend: (Time is in decaauts)
 A = Elapsed time spent in this place.
 B = Non-inter-level travel time spent in this place.
 C = Inter-level travel time spent in this place.
 D = Time resting spent in this place.
 E = Time spent auto-exploring this place.
 F = Levels seen in this place.
 G = Mean time per level.
                   A        B        C        D        E       F      G
               +--------+--------+--------+--------+--------+-----+--------+
         Total |    509 |    509 |      0 |    379 |      0 |   1 |  509.0 |
       Dungeon |    509 |    509 |      0 |    379 |      0 |   1 |  509.0 |
               +--------+--------+--------+--------+--------+-----+--------+

Top non-repeatable levels by time:
       D: 509 daAuts
